 Dungeon Crawl Stone Soup version 0.29-a0-813-g4a14ea37d6 (webtiles) character file.

Game seed: 18084912632437607447

7 rutherfordthebrave the Trooper (level 1, -3/19 HPs)
             Began as a Draconian Berserker on July 5, 2022.
             Was a Follower of Trog.
             Frozen to death by an endoplasm (4 damage)
             ... on level 1 of the Dungeon.
             The game lasted 00:02:31 (220 turns).

rutherfordthebrave the Trooper (Draconian Berserker) Turns: 220, Time: 00:02:32

Health: -3/19      AC:  4    Str: 19    XL:     1   Next: 83%
Magic:  1/1        EV: 12    Int:  7    God:    Trog [*.....]
Gold:   5          SH:  0    Dex: 10    Spells: 0/0 levels left

rFire   . . .      SeeInvis .   a - +0 falchion
rCold   . . .      Faith    .   (no shield)
rNeg    . . .      Spirit   .   (body armour unavailable)
rPois   .          Reflect  .   (helmet restricted)
rElec   .          Harm     .   (no cloak)
rCorr   .          Rampage  .   (no gloves)
Will    .....                   (no boots)
Stlth   +.........              (no amulet)
HPRegen 0.06/turn               (no ring)
MPRegen 0.07/turn               (no ring)

@: no status effects
A: AC +4, unfitting armour, cold-blooded
a: Renounce Religion, Berserk


You were on level 1 of the Dungeon.
You worshipped Trog.
Trog was aware of your devotion.
You visited 1 branch of the dungeon, and saw 2 of its levels.

You collected 5 gold pieces.

Inventory:

Hand Weapons
 a - a +0 falchion (weapon)
 b - a +0 short sword
 d - a +0 mace
Missiles
 c - 3 stones (quivered)


   Skills:
 + Level 3.4 Fighting
 + Level 3.1 Long Blades
 + Level 2.8 Dodging


You couldn't memorise any spells.
You didn't know any spells.
Your spell library was empty.

Dungeon Overview and Level Annotations

Branches:
Dungeon (2/15)

Altars:


Innate Abilities, Weirdness & Mutations

Your plain brown scales are hard. (AC +4)
You cannot fit into any form of body armour.
You are cold-blooded and may be slowed by cold attacks.


Message History

You hit the endoplasm.
You tail-slap the endoplasm, but do no damage.
The endoplasm is heavily wounded.
You feel yourself speed up. The giant cockroach closely misses you.
The endoplasm closely misses you.
The giant cockroach bites you but does no damage.
The endoplasm freezes you.
You are frozen.
You feel yourself slow down. The giant cockroach closely misses you.
The giant cockroach attacks as you move away!
The giant cockroach closely misses you. 2 goblins come into view.
The goblin shouts!
You feel yourself speed up. The giant cockroach closely misses you.
The endoplasm jiggles.
You slash the goblin!
You kill the goblin!
Trog accepts your kill. The giant cockroach barely misses you.
The endoplasm closely misses you. The goblin closely misses you.
The giant cockroach waves its antennae.
The giant cockroach barely misses you. The endoplasm freezes you.
You are frozen.
You feel yourself slow down. The goblin barely misses you.
The giant cockroach barely misses you.
You feel yourself speed up. The goblin closely misses you.
The endoplasm freezes you.
You are frozen.
* * * LOW HITPOINT WARNING * * *
The giant cockroach barely misses you. The endoplasm freezes you.
You are frozen.
* * * LOW HITPOINT WARNING * * *
The goblin barely misses you. The giant cockroach barely misses you.
The endoplasm misses you. The endoplasm freezes you.
You are frozen.
You die...

#................ .
#............#.. ..
#................ ..
#.....#..........# #..
#.!...#..:.)≈≈§≈..####..≈
#.....)....≈≈≈≈≈≈......≈≈
##..........≈≈≈≈≈≈..><..≈≈
........JBg.§≈§§≈§......≈≈
.....##.w@...§≈§≈...#....≈
...#.$....)...§§...##.#..$
.#...##..#..##..... ......
.###.##...........#######.
..$............... ...
.....#...#.....########.##
####....#####.... .......
.........#####.#####...#
......#.............>.#


You could see a dart slug, an endoplasm, a giant cockroach and a goblin.

Vanquished Creatures
  A ball python (D:1)
  A giant cockroach (D:1)
  A goblin (D:1)
  A kobold (D:2)
  A bat (D:2)
  A frilled lizard (D:2)
6 creatures vanquished.

Notes
Turn   | Place    | Note
-------+----------+-------------------------------------------
     0 | D:1      | rutherfordthebrave the Draconian Berserker began the quest
                  | for the Orb.
     0 | D:1      | Reached XP level 1. HP: 19/19 MP: 1/1
   220 | D:1      | Frozen to death by an endoplasm

Illustrated notes

Levels and vault maps discovered:
D:1:      dpeg_arrival_pits, layout_rooms,
          chequers_ecumenical_altar_simple_redux
D:2:      layout_loops_corners, basic_altar, serial_shops,
          nicolae_shop_behind_doors, kennysheep_generic_room_12

Action                   || total
-------------------------++-------
Melee: Falchion          ||    15
       Tailslap          ||     3
Armor: Skin              ||    18
Dodge: Dodged            ||    41

Table legend: (Time is in decaauts)
 A = Elapsed time spent in this place.
 B = Non-inter-level travel time spent in this place.
 C = Inter-level travel time spent in this place.
 D = Time resting spent in this place.
 E = Time spent auto-exploring this place.
 F = Levels seen in this place.
 G = Mean time per level.
                   A        B        C        D        E       F      G
               +--------+--------+--------+--------+--------+-----+--------+
         Total |    223 |    223 |      0 |      0 |      0 |   2 |  111.5 |
       Dungeon |    223 |    223 |      0 |      0 |      0 |   2 |  111.5 |
               +--------+--------+--------+--------+--------+-----+--------+

Top non-repeatable levels by time:
     D:2: 179 daAuts
     D:1: 44 daAuts
